 Dungeon Crawl Stone Soup version 0.31-a0-981-geadf994542 (webtiles) character file.

Game seed: 910093637761082510

345 AIAndy the Ruffian (level 6, -1/19 HPs)
             Began as an Octopode Shapeshifter on Nov 1, 2023.
             Slain by a gnoll sergeant
             ... wielding a +0 trident
              (12 damage)
             ... on level 5 of the Dungeon.
             The game lasted 00:05:38 (2445 turns).

AIAndy the Ruffian (Octopode Shapeshifter)          Turns: 2445, Time: 00:05:39

Health: -1/19      AC:  1    Str: 16    XL:     6   Next: 58%
Magic:  6/6        EV: 13    Int: 12    God:
Gold:   263        SH:  5    Dex: 11    Spells: 5/5 levels left

rFire   . .          .
                       - Unarmed
rCold   . . .        (no shield)
rNeg    . . .        (helmet restricted)
rPois   .            t - amulet of reflection
rElec   .            (no ring)
rCorr   .            (no ring)
SInv    .            (no ring)
Will    .....        (no ring)
Stlth   ++           (no ring)
HPRegen 0.23/turn    (no ring)
MPRegen 0.10/turn    (no ring)
                     (no ring)

%: reflection
@: maw-form
A: devouring maw, reduced hp, almost no armour, amphibious, 8 rings, camouflage
1, gelatinous body 1, (nimble swimmer 1), tentacles
a: Begin Untransformation


You were on level 5 of the Dungeon.
You were a creature with a mouth for a stomach.
You visited 1 branch of the dungeon, and saw 6 of its levels.

You collected 263 gold pieces.


Innate Abilities, Weirdness & Mutations

You are a creature with a mouth for a stomach.
Your midsection houses a second, enormous mouth.
Your maximum health is decreased, since you lack skill for your form.
You cannot wear most types of armour.
You are amphibious.
You can wear up to eight rings at the same time.
Your skin changes colour to match your surroundings (Stealth+).
Your rubbery body absorbs attacks. (AC +1, EV +1)
((You are camouflaged when in or above water. (Stealth+)))
You have tentacles for arms and can constrict up to eight enemies at once.


   Skills:
 - Level 1.0 Fighting
 - Level 2.0 Dodging
 - Level 5.3 Unarmed Combat
 + Level 5.2 Shapeshifting


You had 5 spell levels left.
You didn't know any spells.
Your spell library contained the following spells:

 Spells                   Type           Power      Damage    Failure   Level
 Shock                    Conj/Air       0%         1d3       32%         1
 Swiftness                Air            0%         N/A       69%         3
 Airstrike                Air            0%         2d(0-16)  97%         4

Inventory:

Hand Weapons
 g - a +2 mace of protection
 j - a +2 dagger of venom
Armour
 z - a +0 kite shield
Magical Staves
 y - a staff of poison
Jewellery
 t - an amulet of reflection (around mantle)
 H - an amulet of faith {!P}
Talismans
 b - a beast talisman
 c - a flux talisman
 w - a maw talisman (active)
Wands
 q - a wand of flame (49)
Scrolls
 f - 3 scrolls of teleportation {unknown}
 i - 2 scrolls of immolation {unknown}
 k - a scroll of vulnerability {unknown}
 l - a scroll of enchant weapon {unknown}
 p - a scroll of enchant armour {unknown}
 s - 2 scrolls of fog {unknown}
 x - a scroll of identify {unknown}
Potions
 a - a potion of lignification {!q}
 d - 2 potions of heal wounds {unknown}
 e - a potion of cancellation {unknown}
 h - a potion of enlightenment {unknown}
 m - 3 potions of brilliance {unknown}
 n - a potion of resistance {unknown}
 o - 2 potions of curing {unknown}
 r - 2 potions of mutation {unknown}
 u - a potion of attraction {unknown}
 v - 2 potions of might {unknown}

Dungeon Overview and Level Annotations

Branches:
Dungeon (6/15)
 Temple: D:4-7

Altars:
Kikubaaqudgha
Okawaru
Ru
Sif Muna
Wu Jian
Xom
Zin

Shops:
D:1

( ≈≈≈~.#.#.#.....#
#≈≈≈#..#.#.#...#
~~~≈~~.....#...###
.(.~#~...........#
...##....##
.........##
...#......#
..##......##
.........Wg#
........gg......
........gg......
................
..........[.....
#..............
...............
.#.............


You could see a gnoll sergeant and 4 gnolls.


Message History

No target in view!
HP restored.
y - a staff of poison
Found a scroll labelled XUHU TEODDA.
Found an iron altar of Okawaru.
Found a stone staircase leading up.
s - 2 scrolls labelled XUHU TEODDA (gained 1)
Found a kite shield.
You see here a +0 kite shield.
z - a +0 kite shield
Found a stone staircase leading up.
A gnoll comes into view. It is wielding a +0 halberd.
A gnoll is nearby!
A gnoll comes into view. It is wielding a +0 flail.
A gnoll comes into view. It is wielding a +0 flail.
A gnoll sergeant comes into view. It is wielding a +0 trident.
Found a leather armour.
The gnoll shouts! x2
A gnoll comes into view. It is wielding a +0 spear.
The gnoll sergeant shouts!
A gnoll comes into view. It is wielding a +0 halberd.
The gnoll closely misses you.
You tentacle-slap the gnoll. You grab the gnoll.
You tentacle-slap the gnoll, but do no damage.
You squeeze the gnoll!
You devour the gnoll!
You feel better.
You kill the gnoll!
The gnoll closely misses you. The gnoll hits you with a +0 spear!
The gnoll sergeant hits you with a +0 trident!
Ouch! That really hurt!
You die...

Skill      XL: |  1  2  3  4  5  6 |
---------------+-------------------+-----
Unarmed Combat | 4 5 |  5.3
Shapeshifting  | 4 5 |  5.2
Fighting       | |  1.0
Dodging        | |  2.0

Action                     |  1- 3 |  4- 6 || total
---------------------------+-------+-------++-------
  Melee: Unarmed           |    57 |    53 ||   110
         Constrict         |    16 |    15 ||    31
         Tentacles         |    12 |     8 ||    20
         Punch             |     2 |     2 ||     4
         Maw               |       |     1 ||     1
  Evoke: Wand              |       |     1 ||     1
   Stab: Sleeping          |     1 |     4 ||     5
 Armour: Skin              |    22 |    22 ||    44
  Dodge: Dodged            |    45 |    14 ||    59
  Block: Other             |       |     2 ||     2
   Form: Maw               |       |     1 ||     1

Levels and vault maps discovered:
D:1:      co_arrival_square_in_a_square_in_a_square, layout_rooms, serial_shops,
          nicolae_shop_behind_doors
D:2:      layout_rooms, chequers_avenue, uniq_sigmund
D:3:      layout_loops_ring, mainiacjoe_overflow_alcove_1, chequers_garden,
          minmay_starry_boxes
D:4:      layout_loops_corners, nicolae_kikubaaqudgha_miasma_corner,
          nicolae_overflow_hidden_temple, dk_xom_monty_hall, serial_forest,
          infiniplex_forest_lined_room_2, infiniplex_forest_end_2,
          infiniplex_forest_lined_room_2, infiniplex_forest_lined_room_2,
          infiniplex_forest_zigzag_1, infiniplex_forest_lined_room_3,
          infiniplex_forest_clump_long
D:5:      kennysheep_slugbush, layout_rooms, mainiacjoe_overflow_divided_tiny,
          nicolae_overflow_crystal_walls, uniq_menkaure
D:6:      layout_loops_ring

Notes
Turn   | Place    | Note
-------+----------+-------------------------------------------
     0 | D:1      | AIAndy the Octopode Shapeshifter began the quest for the
                  | Orb.
     0 | D:1      | Reached XP level 1. HP: 13/13 MP: 1/1
    79 | D:1      | Reached XP level 2. HP: 18/18 MP: 2/2
   452 | D:1      | Found Foextu's Weapon Boutique.
   506 | D:1      | Reached XP level 3. HP: 23/23 MP: 3/3
   545 | D:2      | Noticed Sigmund
   740 | D:2      | Reached skill level 4 in Unarmed Combat
   740 | D:2      | Reached XP level 4. HP: 20/28 MP: 4/4
   830 | D:2      | Reached skill level 4 in Shapeshifting
  1113 | D:2      | Killed Sigmund
  1114 | D:2      | Reached skill level 5 in Unarmed Combat
  1114 | D:2      | Reached XP level 5. HP: 17/33 MP: 5/5
  1114 | D:2      | Reached XP level 6. HP: 20/38 MP: 6/6
  1727 | D:3      | Reached skill level 5 in Shapeshifting
  1975 | D:3      | Found a glowing silver altar of Zin.
  2018 | D:4      | Found an ancient bone altar of Kikubaaqudgha.
  2052 | D:4      | Found a shimmering blue altar of Sif Muna.
  2269 | D:4      | Found a shimmering altar of Xom.
  2269 | D:4      | You fall into a shaft and drop 2 floors!
  2294 | D:5      | Entered Level 5 of the Dungeon
  2324 | D:5      | Found an ornate altar of the Wu Jian Council.
  2325 | D:5      | Found a sacrificial altar of Ru.
  2378 | D:5      | Found an iron altar of Okawaru.
  2445 | D:5      | Slain by a gnoll sergeant

Vanquished Creatures
  Sigmund (D:2)
  A jelly (D:4)
  8 adders
  A gnoll (D:5)
  4 worms
  4 dart slugs
  6 ball pythons
  2 bats (D:1)
  3 endoplasms
  4 giant cockroaches
  4 goblins
  6 hobgoblins
  2 jackals
  3 kobolds
  4 quokkas
  3 frilled lizards
  5 rats
61 creatures vanquished.

Table legend: (Time is in decaauts)
 A = Elapsed time spent in this place.
 B = Non-inter-level travel time spent in this place.
 C = Inter-level travel time spent in this place.
 D = Time resting spent in this place.
 E = Time spent auto-exploring this place.
 F = Levels seen in this place.
 G = Mean time per level.
                   A        B        C        D        E       F      G
               +--------+--------+--------+--------+--------+-----+--------+
         Total |   2436 |   2386 |     50 |      0 |   1914 |   6 |  406.0 |
       Dungeon |   2436 |   2386 |     50 |      0 |   1914 |   6 |  406.0 |
               +--------+--------+--------+--------+--------+-----+--------+

Top non-repeatable levels by time:
     D:2: 728 daAuts
     D:3: 672 daAuts
     D:1: 601 daAuts
     D:4: 259 daAuts
     D:5: 150 daAuts
     D:6: 24 daAuts

Table legend:
 A = Non-vault XP
 B = Vault XP
 C = Vault XP percentage of total XP
 D = Non-vault monster count
 E = Vault monster count
 F = Vault count percentage of total count
                 A         B        C        D         E       F
            +---------+---------+-------+---------+---------+-------
      Total |     205 |     289 |  58.5 |      52 |       9 |  14.8
            +---------+---------+-------+---------+---------+-------
        D:1 |      37 |       0 |   0.0 |      19 |       0 |   0.0
        D:2 |      89 |     226 |  71.7 |      21 |       1 |   4.5
        D:3 |      46 |      13 |  22.0 |       7 |       5 |  41.7
        D:4 |       4 |      42 |  91.3 |       2 |       1 |  33.3
        D:5 |      29 |       8 |  21.6 |       3 |       2 |  40.0
            +---------+---------+-------+---------+---------+-------
